 Dungeon Crawl Stone Soup version 0.30-a0-721-ga6a225cb13 (webtiles) character file.

Game seed: 8113671128174179498

104 Ijustatesigmund the Conjurer (level 4, -14/24 HPs)
             Began as a Deep Elf Conjurer on Jan 27, 2023.
             Killed from afar by Natasha (22 damage)
             ... with a bolt of dispelling energy
             ... on level 3 of the Dungeon.
             The game lasted 00:03:46 (2608 turns).

Ijustatesigmund the Conjurer (Deep Elf Conjurer)    Turns: 2608, Time: 00:03:47

Health: -14/24     AC:  2    Str:  4    XL:     4   Next: 52%
Magic:  8/13       EV: 12    Int: 25    God:
Gold:   89         SH:  0    Dex: 13    Spells: 6/13 levels left

rFire   . . .      SeeInvis .    h - +0 sling
rCold   . . .      Faith    .    (no shield)
rNeg    . . .      Spirit   .    a - +0 robe
rPois   .          Reflect  .    (no helmet)
rElec   .          Harm     .    (no cloak)
rCorr   .          Rampage  .    (no gloves)
Will    .....                    (no boots)
Stlth   ++                       (no amulet)
HPRegen 0.24/turn                (no ring)
MPRegen 0.13/turn                (no ring)

@: no status effects
A: no striking features
a: no special abilities


You were on level 3 of the Dungeon.
You visited 1 branch of the dungeon, and saw 3 of its levels.

You collected 89 gold pieces.

Inventory:

Hand Weapons
 c - a +0 dagger
 h - a +0 sling (weapon)
Armour
 a - a +0 robe (worn)
Scrolls
 d - a scroll of teleportation {unknown}
 i - a scroll of identify
Potions
 b - a potion of magic
 f - a potion of mutation
 g - a potion of haste
 j - a potion of brilliance {unknown}


   Skills:
 - Level 2.4 Dodging
 - Level 2.4 Stealth
 + Level 5.1 Spellcasting
 - Level 5.3 Conjurations
 + Level 1.2 Fire Magic


You had 6 spell levels left.
You knew the following spells:

 Your Spells              Type           Power      Damage    Failure   Level
a - Magic Dart            Conj           100%       1d8       1%          1
b - Searing Ray           Conj           66%        2d6       1%          2
c - Flame Wave            Conj/Fire      22%        2d8       22%         4

Your spell library contained the following spells:

 Spells                   Type           Power      Damage    Failure   Level
 Scorch                   Fire           24%        2d6       8%          2
 Dazzling Flash           Conj/Hex       38%        N/A       9%          3
 Sublimation of Blood     Necr           6%         N/A       12%         2
 Wereblood                Tmut           6%         N/A       12%         2
 Fulminant Prism          Conj/Hex       9%         3d6       26%         4
 Iskenderun's Mystic Bla  Conj/Tloc      19%        2d6       26%         4
 Summon Cactus Giant      Summ           3%         N/A       100%        6
 Summon Hydra             Summ           3%         N/A       100%        7


Dungeon Overview and Level Annotations

Branches:
Dungeon (3/15)

Altars:

Annotations:
D:3 Natasha


Message History

You start waiting.
Natasha is nearby!
Casting: Magic Dart (safe; 1% risk of failure)
Confirm with . or Enter, or press ? or * to list all spells.
Aiming: Magic Dart (safe; 1% risk of failure)
Press: ? - help, Shift-Dir - straight line, f - Natasha
Aim: Natasha, carrying a wand of quicksilver (8) (wandering, hasn't noticed you, 100% to hit)
The magic dart hits Natasha but does no damage.
Natasha hisses angrily.
Natasha stares at you and mumbles some strange words.
The magic dart hits you! Natasha casts a spell at you.
You feel yourself slow down.
You feel yourself speed up.
You see here the felid skeleton of Natasha.
You start resting.
Natasha is nearby!
Casting: Magic Dart (safe; 1% risk of failure)
Confirm with . or Enter, or press ? or * to list all spells.
Aiming: Searing Ray (safe; 1% risk of failure)
Press: ? - help, Shift-Dir - straight line, f/p - Natasha
Aim: Natasha, carrying a wand of quicksilver (8) (76% to hit)
The searing ray hits Natasha.
Natasha is lightly wounded. (Press . to maintain the ray.)
The searing ray hits Natasha.
Natasha is moderately wounded.
Natasha claws you.
The searing ray hits Natasha!
Natasha is almost dead.
Natasha zaps a wand.
The bolt of dispelling energy hits you!
Your magical effects are unravelling.
The searing ray hits Natasha.
Natasha is almost dead.
You finish channelling your searing ray.
You feel yourself speed up.
You feel yourself slow down.
Natasha zaps a wand.
The bolt of dispelling energy hits you!!
Ouch! That really hurt!
You die...

#.... #. ..... #....
.. ... #.... .# ...
#.... .# '### #....
.##...# ##### ..#h.#
########## # #.#..#
#......... #.## #@#..#
#......... h....
#h#..#.##.........
#...#.#..#.##.........
#........#.##.........
#.#.#.................
#.#.#.##.#.......... #
#.#..#.#.......#.#
#.#..#.###.#.#.#.#
#.#........#.#...#


You could see Natasha.

Vanquished Creatures
  Jessica (D:2)
  Natasha (D:3)
  A gnoll (D:1)
  A worm (D:2)
  A dart slug (D:3)
  11 ball pythons
  5 endoplasms
  4 giant cockroaches
  2 hobgoblins
  2 quokkas
  2 bats (D:1)
  4 goblins
  A kobold (D:1)
  4 rats
40 creatures vanquished.

Notes
Turn   | Place    | Note
-------+----------+-------------------------------------------
     0 | D:1      | Ijustatesigmund the Deep Elf Conjurer began the quest for
                  | the Orb.
     0 | D:1      | Reached XP level 1. HP: 10/10 MP: 6/6
   175 | D:1      | Reached XP level 2. HP: 15/15 MP: 3/8
   606 | D:1      | Learned a level 2 spell: Searing Ray
   724 | D:1      | Reached skill level 5 in Conjurations
   724 | D:1      | Reached XP level 3. HP: 19/19 MP: 6/10
  1968 | D:2      | Noticed Jessica
  1970 | D:2      | Killed Jessica
  1971 | D:2      | Reached XP level 4. HP: 24/24 MP: 7/12
  2008 | D:2      | Learned a level 4 spell: Flame Wave
  2367 | D:3      | Noticed Natasha
  2376 | D:3      | Killed Natasha
  2377 | D:3      | Reached skill level 5 in Spellcasting
  2377 | D:3      | Reached skill level 1 in Fire Magic
  2477 | D:3      | Noticed Natasha
  2608 | D:3      | Killed from afar by Natasha

Illustrated notes

Levels and vault maps discovered:
D:1:      giann_wishing_wells, layout_basic
D:2:      layout_basic, uniq_jessica
D:3:      layout_basic, nicolae_vehumet_altar_sigil, grunt_ministairs_12,
          grunt_decor_cap, minmay_misc_feat_pillars, uniq_crazy_yiuf_cottage,
          uniq_ijyb, uniq_natasha

Skill      XL: |  1  2  3  4 |
---------------+-------------+-----
Spellcasting   | 4 5 |  5.1
Conjurations   | 5 |  5.3
Fire Magic     | 1 |  1.2
Dodging        | |  2.4
Stealth        | |  2.4

Action                     |  1- 3 |  4- 6 || total
---------------------------+-------+-------++-------
   Cast: Magic Dart        |    51 |    19 ||    70
         Searing Ray       |     1 |     4 ||     5
    Use: Scroll            |     4 |       ||     4
         Potion            |       |     2 ||     2
  Dodge: Dodged            |     2 |     1 ||     3

Table legend: (Time is in decaauts)
 A = Elapsed time spent in this place.
 B = Non-inter-level travel time spent in this place.
 C = Inter-level travel time spent in this place.
 D = Time resting spent in this place.
 E = Time spent auto-exploring this place.
 F = Levels seen in this place.
 G = Mean time per level.
                   A        B        C        D        E       F      G
               +--------+--------+--------+--------+--------+-----+--------+
         Total |   2612 |   2566 |     46 |    813 |   1567 |   3 |  870.7 |
       Dungeon |   2612 |   2566 |     46 |    813 |   1567 |   3 |  870.7 |
               +--------+--------+--------+--------+--------+-----+--------+

Top non-repeatable levels by time:
     D:2: 1085 daAuts
     D:1: 1055 daAuts
     D:3: 471 daAuts
